 Dungeon Crawl Stone Soup version 0.30-a0-457-g4b7bca3bfa (webtiles) character file.

Game seed: 5026851932199899263

487 Raultor the Changer (level 7, -2/45 HPs)
             Began as an Octopode Transmuter on Dec 13, 2022.
             Slain by Pikel
             ... wielding a +2 whip of flaming
              (4 damage)
             ... on level 4 of the Dungeon.
             The game lasted 00:11:50 (3667 turns).

Raultor the Changer (Octopode Transmuter)           Turns: 3667, Time: 00:11:51

Health: -2/45      AC:  1    Str:  9    XL:     7   Next: 13%
Magic:  8/10       EV: 13    Int: 18    God:
Gold:   174        SH:  0    Dex: 12    Spells: 0/10 levels left

rFire   . . .      SeeInvis .      - Unarmed
rCold   . . .      Faith    .    (no shield)
rNeg    . . .      Spirit   .    (helmet restricted)
rPois   .          Reflect  .    s - amulet of regeneration
rElec   .          Harm     .    L - ring of flight
rCorr   .          Rampage  .    (no ring)
Will    .....                    (no ring)
Stlth   ++........               (no ring)
HPRegen 1.07/turn                (no ring)
MPRegen 0.12/turn                (no ring)
                                 (no ring)
                                 (no ring)

@: wereblooded (expiring), flying
A: almost no armour, amphibious, 8 rings, camouflage 1, gelatinous body 1,
(nimble swimmer 1), tentacles
a: no special abilities


You were on level 4 of the Dungeon.
You visited 1 branch of the dungeon, and saw 4 of its levels.

You collected 174 gold pieces.


Innate Abilities, Weirdness & Mutations

You cannot wear most types of armour.
You are amphibious.
You can wear up to eight rings at the same time.
Your skin changes colour to match your surroundings (Stealth+).
Your rubbery body absorbs attacks. (AC +1, EV +1)
((You are camouflaged when in or above water. (Stealth+)))
You have tentacles for arms and can constrict up to eight enemies at once.


   Skills:
 + Level 2.9 Fighting
 - Level 2.0 Dodging
 + Level 4.1 Unarmed Combat
 - Level 2.0 Spellcasting
 * Level 4.5 Transmutations
 * Level 3.9 Ice Magic


You couldn't memorise any spells.
You knew the following spells:

 Your Spells              Type           Power      Damage    Failure   Level
b - Beastly Appendage     Tmut           36%        N/A       2%          1
c - Ice Form              Ice/Tmut       17%        N/A       30%         4
s - Spider Form           Tmut/Pois      10%        N/A       22%         3
w - Wereblood             Tmut           18%        N/A       4%          2

Your spell library contained the following spells:

 Spells                   Type           Power      Damage    Failure   Level
 Passwall                 Tmut/Erth      8%         N/A       11%         2
 Sandblast                Erth           2%         2d4       19%         1
 Summon Small Mammal      Summ           4%         N/A       19%         1
 Call Canine Familiar     Summ           1%         N/A       47%         3
 Stone Arrow              Conj/Erth      2%         3d7       47%         3
 Summon Guardian Golem    Hex/Summ       1%         N/A       47%         3

Inventory:

Magical Staves
 t - a staff of conjuration {!a}
Jewellery
 f - an amulet of faith {!P}
 s - an amulet of regeneration (around mantle)
 L - a ring of flight (left tentacle)
Wands
 k - a wand of iceblast (7)
Scrolls
 b - 2 scrolls of poison {unknown}
 e - 4 scrolls of blinking {unknown}
 h - 6 scrolls of identify {unknown}
 i - a scroll of enchant weapon {unknown}
 j - 2 scrolls of teleportation {unknown}
 l - a scroll of fog {unknown}
 m - a scroll of summoning {unknown}
 n - 2 scrolls of amnesia {unknown}
 p - a scroll of vulnerability {unknown}
Potions
 a - a potion of lignification
 c - a potion of flight {unknown}
 d - 3 potions of heal wounds {unknown}
 g - 2 potions of might {unknown}
 o - a potion of ambrosia {unknown}
 q - a potion of cancellation {unknown}
 r - a potion of mutation {unknown}

Dungeon Overview and Level Annotations

Branches:
Dungeon (4/15)
 Temple: D:4-7

Altars:
Nemelex Xobeh
Trog

Shops:
D:1 *

Annotations:
D:4 Pikel

......gO..# ..#######.#
........#.###############
.....#.......#..........#
.....+.....#.#..........#
.....#.....#.#..........#
'#...#.......#..........#
.#..........##..........#
.........##.....@.......#
.#.....####.#..K........#
.###...# #...5########### ...
.#░#...## ###5## .[#....
........# #.#### ..#..5.
.⚑......# #....## ...5...
...##...########5.## 5......
#.#░#.........###..# .......
..###.........####5####S..(...


You could see Pikel (very poisoned) and 2 lemures.


Message History

Pikel misses you.
You hit Pikel but do no damage.
Pikel looks as sick as possible!
Pikel is moderately wounded.
Pikel hits you with a +2 whip of flaming!
* * * LOW HITPOINT WARNING * * *
Pikel burns you.
* * * LOW HITPOINT WARNING * * *
You hit Pikel.
Pikel looks as sick as possible!
Pikel is heavily wounded.
Your transformation has ended.
Pikel hits you with a +2 whip of flaming.
* * * LOW HITPOINT WARNING * * *
Pikel burns you.
* * * LOW HITPOINT WARNING * * *
Pikel attacks as you move away!
Pikel hits you with a +2 whip of flaming.
* * * LOW HITPOINT WARNING * * *
Pikel burns you.
* * * LOW HITPOINT WARNING * * *
Things that are here:
a stone; a +0 short sword Your primal bloodlust is almost over.
There is a stone staircase leading up here.
You barely miss Pikel. You grab Pikel.
Pikel is severely wounded.
You constrict Pikel, but do no damage.
Pikel hits you with a +2 whip of flaming!
* * * LOW HITPOINT WARNING * * *
Pikel burns you.
You die...

Skill      XL: |  1  2  3  4  5  6 |
---------------+-------------------+-----
Ice Magic      | 1 3 |  3.9
Transmutations | 3 4 |  4.5
Fighting       | 2 |  2.9
Unarmed Combat | 4 |  4.1
Dodging        | |  2.0
Spellcasting   | |  2.0

Action                   |  1- 3 |  4- 6 |  7- 9 || total
-------------------------+-------+-------+-------++-------
Melee: Unarmed           |    72 |   120 |    22 ||   214
       Constrict         |    23 |    22 |     3 ||    48
       Tentacles         |    14 |    18 |     2 ||    34
       Kick              |    11 |    22 |     1 ||    34
       Punch             |     4 |     4 |       ||     8
 Cast: Beastly Appendage |     7 |    14 |     1 ||    22
       Spider Form       |       |     6 |     1 ||     7
       Wereblood         |       |     2 |     1 ||     3
Evoke: Wand              |       |     1 |       ||     1
  Use: Potion            |       |     2 |       ||     2
 Stab: Sleeping          |     7 |     4 |     1 ||    12
       Distracted        |       |     1 |       ||     1
Armor: Skin              |     3 |     7 |       ||    10
Dodge: Dodged            |    36 |    77 |     9 ||   122

Levels and vault maps discovered:
D:1:      dpeg_arrival_yet_another_circle, layout_basic, serial_shops, shop,
          serial_bayou_pond_e, minmay_tiny_reverse_x
D:2:      layout_basic
D:3:      layout_loops_ring, marbit_many_paths, minmay_goblin_outpost,
          uniq_ijyb, uniq_sigmund
D:4:      layout_basic, trog_three_pillars_becter, uniq_pikel

Notes
Turn   | Place    | Note
-------+----------+-------------------------------------------
     0 | D:1      | Raultor the Octopode Transmuter began the quest for the
                  | Orb.
     0 | D:1      | Reached XP level 1. HP: 13/13 MP: 3/3
    49 | D:1      | Reached XP level 2. HP: 13/18 MP: 5/5
    70 | D:1      | Found Cuziz's Assorted Antiques.
   141 | D:1      | Reached skill level 1 in Ice Magic
   430 | D:1      | Reached XP level 3. HP: 18/23 MP: 6/6
  1015 | D:2      | Reached XP level 4. HP: 22/29 MP: 4/7
  1104 | D:2      | Reached skill level 3 in Transmutations
  1107 | D:2      | Learned a level 2 spell: Wereblood
  1872 | D:2      | Reached skill level 2 in Ice Magic
  1967 | D:3      | Found a sparkling altar of Nemelex Xobeh.
  2091 | D:3      | Noticed Sigmund
  2098 | D:3      | Learned a level 3 spell: Spider Form
  2167 | D:3      | HP: 2/29 [something/magic dart (6)]
  2170 | D:3      | Killed Sigmund
  2171 | D:3      | Reached skill level 2 in Fighting
  2171 | D:3      | Reached skill level 3 in Ice Magic
  2171 | D:3      | Reached XP level 5. HP: 3/35 MP: 4/8
  2171 | D:3      | Reached XP level 6. HP: 4/41 MP: 4/9
  2351 | D:3      | Reached skill level 4 in Transmutations
  2573 | D:3      | Noticed Ijyb
  2595 | D:3      | Killed Ijyb
  3040 | D:4      | Identified the +7 sling of the Spider {antimagic, *Slow rN+
                  | Str+2 Dex+6}
  3114 | D:4      | Noticed Pikel
  3165 | D:4      | Found a bloodstained altar of Trog.
  3181 | D:4      | Reached skill level 4 in Unarmed Combat
  3422 | D:4      | Reached XP level 7. HP: 45/45 MP: 6/10
  3440 | D:4      | Learned a level 4 spell: Ice Form
  3662 | D:4      | HP: 3/45 [Pikel/+2 whip of flaming (3)]
  3667 | D:4      | HP: 2/45 [Pikel/+2 whip of flaming (7)]
  3667 | D:4      | Slain by Pikel

Vanquished Creatures
  Sigmund (D:3)
  An ogre (D:4)
  A jelly (D:4)
  Ijyb (D:3)
  A gnoll (D:1)
  6 adders
  4 dart slugs
  7 orcs
  7 ball pythons
  10 endoplasms
  5 giant cockroaches
  10 hobgoblins
  6 kobolds
  5 quokkas
  6 bats
  2 frilled lizards
  11 goblins
  4 rats
88 creatures vanquished.

Table legend: (Time is in decaauts)
 A = Elapsed time spent in this place.
 B = Non-inter-level travel time spent in this place.
 C = Inter-level travel time spent in this place.
 D = Time resting spent in this place.
 E = Time spent auto-exploring this place.
 F = Levels seen in this place.
 G = Mean time per level.
                   A        B        C        D        E       F      G
               +--------+--------+--------+--------+--------+-----+--------+
         Total |   3652 |   3552 |    100 |    163 |   2585 |   4 |  913.0 |
       Dungeon |   3652 |   3552 |    100 |    163 |   2585 |   4 |  913.0 |
               +--------+--------+--------+--------+--------+-----+--------+

Top non-repeatable levels by time:
     D:3: 1139 daAuts
     D:2: 1094 daAuts
     D:1: 830 daAuts
     D:4: 588 daAuts

Table legend:
 A = Non-vault XP
 B = Vault XP
 C = Vault XP percentage of total XP
 D = Non-vault monster count
 E = Vault monster count
 F = Vault count percentage of total count
                 A         B        C        D         E       F
            +---------+---------+-------+---------+---------+-------
      Total |     403 |     294 |  42.2 |      77 |      11 |  12.5
            +---------+---------+-------+---------+---------+-------
        D:1 |      59 |       4 |   6.3 |      24 |       2 |   7.7
        D:2 |      48 |       0 |   0.0 |      22 |       0 |   0.0
        D:3 |      61 |     290 |  82.6 |      16 |       9 |  36.0
        D:4 |     235 |       0 |   0.0 |      15 |       0 |   0.0
            +---------+---------+-------+---------+---------+-------
